cohdb
Replays
Latest Replays
All Replays
Popular Replays
Top Player Replays
Match Explorer
How It Works
Community
CoH3 Stats
Reddit
Sign in to upload your games and track your stats! →
Sign in with Steam
Match 45184936
Unlisted
Match 45184936
Overview
Messages
Build Orders
End
Panzergrenadier Squad
Selects Italian Infantry
Panzergrenadier Squad
Panzergrenadier Squad
Construct Light Support Kompanie
MG34 Team
Selects Defensive Operations
Selects Territory Booby Traps
Construct Mechanized Kompanie
Support Armor Elements
StuG III D Assault Gun
Selects Guastatori Squad
Marder III Tank Destroyer
Panzerpioneer Squad
Construct Panzerarmee Kommand
Selects Obice 305mm Barrage
Pak 38 Mechanized Group
Veteran Squad Leaders
Marder III Tank Destroyer
Combat Half-tracks
Obice 305mm Barrage
AI Takeover
MG.IK | narj
DeathFromAbove
krouw.so
Zipo jsem Prase
apicton
User1diego
0
0
Comments
sign in to comment!
No comments posted yet!